 Dungeon Crawl Stone Soup version bcrawl-1.21.2-28-g2cb1824106 (webtiles) character file.

Game seed: 4899396371886370461

410 BeastOfSaturn the Caller (level 6, 0/35 HPs)
             Began as a Vine Stalker Summoner on Mar 11, 2020.
             Killed by divine providence
             ... invoked by an orc priest
              (9 damage)
             ... on level 5 of the Dungeon.
             The game lasted 00:14:18 (2923 turns).

BeastOfSaturn the Caller (Vine Stalker Summoner)    Turns: 2923, Time: 00:14:18

Health: 0/35       AC: 13    Str: 10    XL:     6   Next: 89%
Magic:  5/10       EV:  8    Int: 17    God:
Gold:   109        SH:  4    Dex: 15    Spells: 2/9 levels left

rFire    . . .     SeeInvis .   j - +0 short sword
rCold    . . .     Gourm    .   v - +0 buckler
rNeg     . . .     Faith    .   g - +0 scale mail
rPois    .         Spirit   .   (no helmet)
rElec    .         Reflect  .   l - +0 cloak
rCorr    .         Harm     .   h - +1 pair of gloves
MR       .....                  q - +0 pair of boots
Stlth    +.........             (no amulet)
HPRegen  0.51/turn              k - +3 ring of protection
MPRegen  0.12/turn              (no ring)

@: very slightly contaminated, slowed, very slow
A: fangs 3, regeneration 1, no potion heal 3, rot immunity, strong jaws
a: no special abilities


You were on level 5 of the Dungeon.
You were not hungry.

You visited 1 branch of the dungeon, and saw 5 of its levels.

You collected 226 gold pieces.
You spent 117 gold pieces at shops.

Inventory:

Hand Weapons
 d - a +0 dagger
 j - a +0 short sword (weapon)
Armour
 a - a +0 robe
 g - a +0 scale mail (worn)
 h - a +1 pair of gloves (worn)
 l - a +0 cloak (worn)
 q - a +0 pair of boots (worn)
 v - a +0 buckler (worn)
Jewellery
 k - a +3 ring of protection (left hand)
Scrolls
 b - 2 scrolls of enchant weapon {unknown}
 c - a scroll of summoning
 f - 2 scrolls of fear
 i - 3 scrolls of teleportation
 n - 5 scrolls of identify
 o - a scroll of immolation {unknown}
 r - 2 scrolls of enchant armour {unknown}
 t - 2 scrolls of remove curse {unknown}
 x - a scroll of fog {unknown}
Potions
 m - 2 potions of lignification {unknown}
 p - a potion of curing
 s - 3 potions of might {unknown}
 u - a potion of degeneration {unknown}
 w - a potion of brilliance {unknown}
Comestibles
 e - 12 rations {!d}


   Skills:
 * Level 2.1 Fighting
 * Level 4.0 Short Blades
 - Level 2.0 Dodging
 - Level 3.0 Stealth
 * Level 0.4 Shields
 - Level 2.1 Spellcasting
 * Level 5.7 Summonings


You had 2 spell levels left.
You knew the following spells:

 Your Spells              Type           Power        Failure   Level  Hunger
a - Summon Small Mammal   Summ           ###.         22%         1    #......
b - Call Imp              Summ           ###...       32%         2    ###....
c - Summon Ice Beast      Ice/Summ       ##......     100%        4    #####..

Your spell library contained the following spells:

 Spells                   Type           Power        Failure   Level  Hunger
 Beastly Appendage        Tmut           #.....       92%         1    #......
 Sticks to Snakes         Tmut           #.......     98%         2    ###....
 Call Canine Familiar     Summ           ###.....     54%         3    ###....
 Spider Form              Tmut/Pois      #..          100%        3    ###....
 Ice Form                 Ice/Tmut       #.......     100%        4    #####..
 Blade Hands              Tmut           #.........   100%        5    ######.
 Summon Lightning Spire   Summ/Air       ##......     100%        5    ######.


Dungeon Overview and Level Annotations

Branches:
Dungeon (5/12)
 Temple: D:4-7

Altars:
Gozag
Hepliaklqana
Ru
Trog
Vehumet
Wu Jian

Shops:
D:4 :[}


Innate Abilities, Weirdness & Mutations

You have razor-sharp teeth.
Your natural rate of healing is unusually fast.
Potions cannot restore your health.
You are immune to rotting.
Your bites deal extra damage.


Message History

The orc wizard mumbles some strange words.
The orc wizard seems to speed up.
Your crimson imp hits the orc wizard.
The orc priest mumbles some strange prayers to Beogh against you.
Beogh smites you!
* * * LOW HITPOINT WARNING * * *
The orc wizard gestures wildly while chanting.
The orc wizard blinks!
The orc wizard hits your crimson imp with a +0 dagger.
The orc closely misses your crimson imp.
Your crimson imp barely misses the orc priest.
The orc priest barely misses your crimson imp.
Something misses your crimson imp.
The orc closely misses your crimson imp.
Your crimson imp hits the orc priest but does no damage.
You hit the orc priest.
The orc priest is moderately wounded.
Something barely misses your crimson imp.
The orc priest mumbles some strange prayers to Beogh against you.
Beogh smites you!
You die...

###########
#.@o......#
#.#.#####.#
#5#...
#ooo..o..#
#.##>.....$
#. ........
#. .####..#
#. . ### #.


You could see 2 orc priests, an orc wizard, an orc and a friendly crimson imp.

Vanquished Creatures
  2 sky beasts (D:4)
  A hound (D:2)
  A worker ant (D:4)
  4 adders
  2 gnolls (D:4)
  4 worms
  4 dart slugs
  5 leopard geckos
  5 orcs (D:3)
  2 bats
  5 giant cockroaches
  8 goblins
  3 hobgoblins
  9 jackals
  A quokka (D:4)
  6 frilled lizards
  3 kobolds
  A leopard gecko zombie (D:3)
  3 rats
69 creatures vanquished.

Vanquished Creatures (collateral kills)
  Terence (D:3)
  A hound skeleton (D:4)
  A gnoll (D:4)
  2 adders (D:3)
  2 leopard geckos (D:4)
  A hobgoblin (D:3)
  A kobold (D:3)
  A quokka (D:4)
  A frilled lizard (D:2)
11 creatures vanquished.

Grand Total: 80 creatures vanquished

Notes
Turn   | Place    | Note
-------+----------+-------------------------------------------
     0 | D:1      | BeastOfSaturn the Vine Stalker Summoner began the quest for
                  | the Orb.
     0 | D:1      | Reached XP level 1. HP: 10/10 MP: 4/4
   184 | D:1      | Reached XP level 2. HP: 15/15 MP: 4/6
   662 | D:2      | Learned a level 2 spell: Call Imp
   727 | D:2      | Reached XP level 3. HP: 20/20 MP: 7/7
   870 | D:2      | Reached skill level 1 in Short Blades
   963 | D:2      | Reached skill level 1 in Fighting
   963 | D:2      | Reached XP level 4. HP: 25/25 MP: 8/8
  1092 | D:2      | Reached skill level 5 in Summonings
  1175 | D:2      | Found a bloodstained altar of Trog.
  1244 | D:2      | Found a faded altar of an unknown god.
  1445 | D:3      | Learned a level 4 spell: Summon Ice Beast
  1606 | D:3      | Reached XP level 5. HP: 29/29 MP: 2/9
  1672 | D:3      | Noticed Terence
  1692 | D:3      | Killed Terence
  2197 | D:4      | Noticed a sky beast
  2216 | D:4      | Killed a sky beast
  2216 | D:4      | Gained mutation: You have razor-sharp teeth. [Vine Stalker
                  | growth]
  2216 | D:4      | Reached XP level 6. HP: 21/35 MP: 4/10
  2271 | D:4      | Found a radiant altar of Vehumet.
  2399 | D:4      | Found Yraik's Antique Armour Boutique.
  2407 | D:4      | Bought a buckler for 117 gold pieces
  2438 | D:4      | Found Kintunyr's Book Shop.
  2568 | D:4      | Found an opulent altar of Gozag.
  2569 | D:4      | Found a hazy altar of Hepliaklqana.
  2569 | D:4      | Found an ornate altar of the Wu Jian Council.
  2570 | D:4      | Found a sacrificial altar of Ru.
  2660 | D:4      | Noticed a sky beast
  2695 | D:4      | Killed a sky beast
  2709 | D:4      | Found Vextysk's Gadget Emporium.
  2908 | D:5      | Entered Level 5 of the Dungeon
  2923 | D:5      | Killed from afar by an orc priest

Skill      XL: |  1  2  3  4  5  6 |
---------------+-------------------+-----
Short Blades   | 1 2 3 4 |  4.0
Fighting       | 1 2 |  2.1
Summonings     | 5 |  5.7
Dodging        | |  2.0
Stealth        | |  3.0
Shields        | |  0.4
Spellcasting   | |  2.1

Action                   |  1- 3 |  4- 6 || total
-------------------------+-------+-------++-------
Melee: Dagger            |    57 |       ||    57
       Unarmed           |     3 |       ||     3
       Bite              |    10 |    34 ||    44
       Short sword       |    64 |   292 ||   356
 Cast: Summon Small Mamm |     8 |       ||     8
       Call Imp          |       |    27 ||    27
  Use: Scroll            |       |     3 ||     3
 Stab: Distracted        |       |     3 ||     3
  Eat: Chunk             |       |     9 ||     9
Armor: Scale mail        |    66 |   154 ||   220
Dodge: Dodged            |    60 |   129 ||   189
Block: Buckler           |       |    12 ||    12
